 Dungeon Crawl Stone Soup version 0.25-a0-510-ge065f6de7d (webtiles) character file.

Game seed: 5196698478496331703, levelgen mode: deterministic

92 BeastOfSaturn the Grave Robber (level 4, 0/31 HPs)
             Began as a Demonspawn Necromancer on Feb 15, 2020.
             Killed from afar by Sigmund (8 damage)
             ... with a puff of flame
             ... on level 2 of the Dungeon.
             The game lasted 00:10:23 (2509 turns).

BeastOfSaturn the Grave Robber (DsNe)               Turns: 2509, Time: 00:10:23

Health: 0/31       AC:  2    Str: 10    XL:     4   Next: 35%
Magic:  5/7        EV: 12    Int: 16    God:
Gold:   65         SH:  0    Dex: 15    Spells: 2/7 levels left

rFire    . . .     SeeInvis .   n - +0 spear
rCold    . . .     Gourm    .   (no shield)
rNeg     . . .     Faith    .   a - +0 robe
rPois    .         Spirit   .   (no helmet)
rElec    .         Reflect  .   (no cloak)
rCorr    .         Harm     .   (no gloves)
MR       .....                  (no boots)
Stlth    ++........             (no amulet)
HPRegen  0.10/turn              (no ring)
MPRegen  0.10/turn              (no ring)

@: no status effects
A: talons 1, thin skeletal structure 1, spiny 1
a: no special abilities


You were on level 2 of the Dungeon.
You were not hungry.

You visited 1 branch of the dungeon, and saw 3 of its levels.

You collected 65 gold pieces.

Inventory:

Hand Weapons
 e - a +1 dagger of protection
 n - a +0 spear (weapon)
Missiles
 p - 33 poisoned darts (quivered)
Armour
 a - a +0 robe (worn)
Scrolls
 d - 4 scrolls of identify {unknown}
 f - 4 scrolls of teleportation {unknown}
 h - 2 scrolls of remove curse {unknown}
 i - a scroll of random uselessness {unknown}
 k - a scroll of amnesia {unknown}
 l - 3 scrolls of enchant weapon {unknown}
Potions
 b - a potion of flight {unknown}
 g - 2 potions of agility {unknown}
 j - 2 potions of curing {unknown}
 m - a potion of lignification {unknown}
 o - a potion of brilliance {unknown}
Comestibles
 c - 2 rations


   Skills:
 + Level 0.9 Fighting
 * Level 1.4 Polearms
 * Level 1.0 Armour
 + Level 1.9 Dodging
 - Level 1.7 Stealth
 - Level 2.0 Spellcasting
 * Level 5.6 Necromancy


You had 2 spell levels left.
You knew the following spells:

 Your Spells              Type           Power        Failure   Level  Hunger
a - Pain                  Necr           ###.         1%          1    #......
b - Animate Skeleton      Necr           N/A          1%          1    #......
c - Vampiric Draining     Necr           ###.......   6%          3    ###....

Your spell library contained the following spells:

 Spells                   Type           Power        Failure   Level  Hunger
 Animate Dead             Necr           N/A          21%         4    #####..
 Agony                    Necr           ###.....     50%         5    ######.


Dungeon Overview and Level Annotations

Branches:
Dungeon (3/15)

Altars:
Hepliaklqana

Annotations:
D:2 Sigmund


Innate Abilities, Weirdness & Mutations

You have sharp toenails.
You have a somewhat thin skeletal structure. (Dex +2, Stealth)
You are partially covered in sharp spines.


Message History

You feel life coursing into your body.
You barely miss the gnoll.
The gnoll is almost dead.
The gnoll hits you with a +0 club!
You hit the gnoll.
You kill the gnoll!
Sigmund hits you from afar with a +2 scythe of freezing.
Sigmund freezes you.
Things that are here:
a +0 club; a gnoll corpse Sigmund gestures at you while chanting.
You are confused.
Sigmund points at you and mumbles some strange words.
The magic dart hits you!
* * * LOW HITPOINT WARNING * * *
You're too confused to move!
Sigmund barely misses you.
You feel less confused. Sigmund gestures at you while chanting.
The puff of flame hits you!
You die...

#.#.#Z##
##.#####...#####..####
#.#..##
##..)...............#
....#.##
##.###.....#####..##(#
.Z####.###.####..####
#..# # ###
##.#...>).....# #..#
##.######@.#.# #..#
#.###.....#.# #..#
#.##.###..# # #..#
#.#.## #.@# ..# #..##
#.....# #{.# .......#
#..# #..#....# #.#.
#..#.#..#
#.##.#...##..# #.#
#...# ... #.# ##. .###
#.. ..


You could see Sigmund.

Vanquished Creatures
  Jessica (D:3)
  A gnoll (D:2)
  An adder (D:2)
  2 worms (D:2)
  A dart slug (D:1)
  5 bats
  4 giant cockroaches
  3 goblins
  7 hobgoblins
  5 jackals
  A ball python (D:2)
  2 frilled lizards (D:2)
  3 kobolds
  2 rats (D:1)
38 creatures vanquished.

Vanquished Creatures (collateral kills)
  A goblin (D:1)
1 creature vanquished.

Grand Total: 39 creatures vanquished

Notes
Turn   | Place    | Note
-------+----------+-------------------------------------------
     0 | D:1      | BeastOfSaturn the Demonspawn Necromancer began the quest
                  | for the Orb.
     0 | D:1      | Reached XP level 1. HP: 13/13 MP: 3/3
   288 | D:1      | Gained mutation: You have a somewhat thin skeletal
                  | structure. (Dex +2, Stealth) [demonic ancestry]
   288 | D:1      | Reached XP level 2. HP: 19/19 MP: 5/5
   733 | D:1      | Reached skill level 5 in Necromancy
   901 | D:1      | Learned a level 1 spell: Animate Skeleton
  1534 | D:2      | Gained mutation: You are partially covered in sharp spines.
                  | [demonic ancestry]
  1534 | D:2      | Reached XP level 3. HP: 14/25 MP: 0/6
  1732 | D:2      | Learned a level 3 spell: Vampiric Draining
  2157 | D:2      | Noticed Sigmund
  2249 | D:3      | Noticed Jessica
  2263 | D:3      | Killed Jessica
  2263 | D:3      | Reached skill level 1 in Polearms
  2263 | D:3      | Reached skill level 1 in Armour
  2263 | D:3      | Gained mutation: You have sharp toenails. [demonic
                  | ancestry]
  2263 | D:3      | Reached XP level 4. HP: 13/31 MP: 2/7
  2461 | D:3      | Found a hazy altar of Hepliaklqana.
  2509 | D:2      | Killed from afar by Sigmund

Levels and vault maps discovered:
D:1:      noname_arrival_rooms_in_the_neighbourhood, layout_basic
D:2:      layout_loops_ring, gammafunk_temple_overflow_statue, uniq_sigmund
D:3:      layout_loops_ring, lemuel_crystal_altar, lemuel_doored_altar,
          nrook_mini_vaults, uniq_robin, uniq_jessica

Skill      XL: |  1  2  3 |
---------------+----------+-----
Necromancy     | 5 |  5.6
Polearms       | 1 |  1.4
Armour         | 1 |  1.0
Fighting       | |  0.9
Dodging        | |  1.9
Stealth        | |  1.7
Spellcasting   | |  2.0

Action                   |  1- 3 |  4- 6 || total
-------------------------+-------+-------++-------
Melee: Dagger            |    41 |       ||    41
       Spear             |    73 |     8 ||    81
 Cast: Pain              |    11 |     3 ||    14
       Animate Skeleton  |     9 |       ||     9
       Vampiric Draining |     4 |     1 ||     5
 Stab: Sleeping          |     9 |       ||     9
       Distracted        |     1 |       ||     1
  Eat: Chunk             |     5 |     1 ||     6
Armor: Robe              |    14 |       ||    14
Dodge: Dodged            |    64 |     6 ||    70

Table legend:
 A = Non-vault XP
 B = Vault XP
 C = Vault XP percentage of total XP
 D = Non-vault monster count
 E = Vault monster count
 F = Vault count percentage of total count
                 A         B        C        D         E       F
            +---------+---------+-------+---------+---------+-------
      Total |      95 |      37 |  28.0 |      38 |       1 |   2.6
            +---------+---------+-------+---------+---------+-------
        D:1 |      27 |       0 |   0.0 |      15 |       0 |   0.0
        D:2 |      57 |       0 |   0.0 |      17 |       0 |   0.0
        D:3 |      11 |      37 |  77.1 |       6 |       1 |  14.3
            +---------+---------+-------+---------+---------+-------
